 Dungeon Crawl Stone Soup version 0.23-a0-359-g9beedce (webtiles) character file.

2438 sking99 the Thaumaturge (level 9, -5/65 HPs)
             Began as a Gnoll Wizard on Oct 23, 2018.
             Was an Initiate of Vehumet.
             Killed from afar by Erica (20 damage)
             ... with an orb of energy
             ... on level 8 of the Dungeon.
             The game lasted 00:20:30 (8139 turns).

sking99 the Thaumaturge (Gnoll Wizard)              Turns: 8139, Time: 00:20:31

Health: -5/65      AC:  5    Str:  9    XL:     9   Next: 49%
Magic:  12/21      EV: 19    Int: 23    God:    Vehumet [......]
Gold:   274        SH:  7    Dex: 15    Spells: 13/24 levels left

rFire    . . .     SeeInvis .   N - +2 spear (pain)
rCold    . . .     Gourm    .   G - +2 buckler
rNeg     . . .     Faith    .   c - +0 leather armour
rPois    .         Spirit   .   b - +0 hat
rElec    .         Reflect  .   (no cloak)
rCorr    +         Harm     .   F - +0 pair of gloves
MR       .....                  J - +0 pair of boots
Stlth    +++.......             w - amulet of magic regeneration
HPRegen  0.20/turn              x - +4 ring of evasion
MPRegen  0.42/turn              I - ring of resist corrosion

@: about to teleport
A: distributed training, fangs 1, strong nose
a: Renounce Religion


You were on level 8 of the Dungeon.
You worshipped Vehumet.
Vehumet was noncommittal.
You were hungry.

You visited 2 branches of the dungeon, and saw 9 of its levels.

You collected 274 gold pieces.

Inventory:

Hand Weapons
 i - a +2 whip of electrocution
 N - a +2 spear of pain (weapon)
Missiles
 B - 2 throwing nets (quivered)
Armour
 a - a +0 robe
 b - a +0 hat (worn)
 c - a +0 leather armour (worn)
 F - a +0 pair of gloves (worn)
 G - a +2 buckler (worn)
 J - a +0 pair of boots (worn)
Jewellery
 w - an amulet of magic regeneration (around neck)
 x - a +4 ring of evasion (left hand)
 A - an uncursed ring of protection from fire
 C - an uncursed ring of stealth
 E - a +5 ring of dexterity
 I - a ring of resist corrosion (right hand)
Wands
 Q - a wand of enslavement (10)
Scrolls
 h - a scroll of amnesia
 k - a scroll of noise {unknown}
 m - 2 scrolls of random uselessness {unknown}
 n - 2 scrolls of fog
 p - 2 scrolls of enchant weapon
 s - a scroll of teleportation
 t - a scroll of magic mapping
 u - a scroll of immolation
 y - 2 scrolls of fear {unknown}
 K - a scroll of enchant armour {unknown}
 L - a scroll of blinking {unknown}
 M - 5 scrolls of identify {unknown}
Potions
 e - 7 potions of curing
 f - 2 potions of resistance {unknown}
 g - a potion of berserk rage {unknown}
 j - 2 potions of heal wounds {unknown}
 l - 3 potions of mutation {unknown}
 o - a potion of degeneration {unknown}
 q - 5 potions of flight {unknown}
 r - 2 potions of agility {unknown}
 v - 2 potions of magic {unknown}
 z - a potion of invisibility {unknown}
 D - 2 potions of might {unknown}
 H - a potion of ambrosia {unknown}
 O - 2 potions of lignification {unknown}
Comestibles
 d - 16 rations


   Skills:
 + Level 4.2 Fighting
 + Level 4.2 Short Blades
 + Level 4.2 Long Blades
 + Level 4.2 Axes
 + Level 4.2 Maces & Flails
 + Level 4.2 Polearms
 + Level 4.2 Staves
 + Level 4.2 Slings
 + Level 4.2 Bows
 + Level 4.2 Crossbows
 + Level 4.2 Throwing
 + Level 4.2 Armour
 + Level 6.3 Dodging
 + Level 6.0 Stealth
 + Level 4.2 Shields
 + Level 4.2 Unarmed Combat
 + Level 8.4 Spellcasting
 + Level 4.1 Conjurations
 + Level 3.4 Hexes
 + Level 3.4 Charms
 + Level 4.1 Summonings
 + Level 3.4 Necromancy
 + Level 4.1 Translocations
 + Level 3.4 Transmutations
 + Level 3.4 Fire Magic
 + Level 3.4 Ice Magic
 + Level 3.4 Air Magic
 + Level 3.4 Earth Magic
 + Level 3.4 Poison Magic
 + Level 4.6 Invocations
 + Level 4.2 Evocations


You had 13 spell levels left.
You knew the following spells:

 Your Spells              Type           Power        Failure   Level  Hunger
a - Magic Dart            Conj           ####         1%          1    None
b - Call Imp              Summ           ####....     2%          2    None
c - Mephitic Cloud        Conj/Pois/Air  ####....     6%          3    None
d - Conjure Flame         Conj/Fire      ####....     5%          3    None
e - Blink                 Tloc           N/A          2%          2    None

Your spell library contained the following spells:

 Spells                   Type           Power        Failure   Level  Hunger
 Shroud of Golubria       Chrm/Tloc      ####......   2%          2    None
 Slow                     Hex            ####....     3%          2    None
 Spectral Weapon          Hex/Chrm       ####....     6%          3    None
 Shatter                  Erth           ####......   100%        9    #######


Dungeon Overview and Level Annotations

Branches:
Dungeon (8/15)             Temple (1/1) D:6
   Lair: D:8-11

Altars:
Cheibriados
Dithmenos
Elyvilon
Fedhas
Gozag
Hepliaklqana
Kikubaaqudgha
Makhleb
Nemelex Xobeh
Okawaru
Qazlal
Ru
Sif Muna
Trog
Uskayaw
Vehumet
Wu Jian
Xom
Yredelemnul
Zin
The Shining One

Annotations:
D:8 Erica


Innate Abilities, Weirdness & Mutations

Your experience applies equally to all skills.
You have very sharp teeth.
Your uncanny sense of smell can sniff out nearby items.


Message History

Press: ? - help, Shift-Dir - straight line The magic dart hits something.
Something hits you!
* * * LOW HITPOINT WARNING * * *
Something burns you.
* * * LOW HITPOINT WARNING * * *
Casting: Magic Dart (safe; 1% risk of failure)
Confirm with . or Enter, or press ? or * to list all spells.
Aiming: Magic Dart (safe; 1% risk of failure)
Press: ? - help, Shift-Dir - straight line The magic dart hits something.
Something hits you.
* * * LOW HITPOINT WARNING * * *
Something burns you.
* * * LOW HITPOINT WARNING * * *
You feel better. Something closely misses you.
As you read the scroll of teleportation, it crumbles to dust.
You feel strangely unstable.
You hear some strange, mumbled words.
An orb of energy appears from out of thin air!
The orb of energy hits you!
You die...

#..###.#..###...........
#.....#...# #.........
##.###.##.# #.####.#..
#.# #.##.# # #.#..#
#.###.##.# ..###..
#......#.###.# ### ..#
#####........# ....
##.#.#### ..... #@# #
#..... #{# #.# ∆... ∆
... ..... ∆ .....
...%...


There were no monsters in sight!

Vanquished Creatures
  Psyche (D:8)
  2 hippogriffs
  A wyvern (D:8)
  The ghost of MisterFreud the Slinger, an amateur HaHu (D:3)
  A sky beast (D:6)
  2 ogres (D:4)
  A phantom (D:4)
  A necrophage (D:8)
  2 centaurs
  A scorpion (D:8)
  4 howler monkeys
  A bullfrog zombie (D:7)
  A bullfrog skeleton (D:8)
  4 orc priests
  A centaur zombie (D:7)
  2 hounds
  An orc wizard (D:6)
  2 iguanas (D:7)
  4 worker ants
  2 hound skeletons
  A gnoll (D:4)
  A howler monkey skeleton (D:7)
  9 adders
  A shadow imp (D:5)
  3 oozes
  3 adder skeletons
  A worm (D:2)
  2 dart slugs
  2 leopard geckos
  32 orcs
  3 ball pythons
  5 bats
  4 giant cockroaches
  8 goblins
  9 hobgoblins
  4 jackals
  9 kobolds
  A quokka (D:4)
  3 frilled lizards
  A giant cockroach zombie (D:5)
  2 jackal skeletons
  8 rats
147 creatures vanquished.

Vanquished Creatures (collateral kills)
  2 orcs (D:5)
  2 giant cockroaches (D:3)
  3 jackals (D:3)
7 creatures vanquished.

Grand Total: 154 creatures vanquished

Notes
Turn   | Place    | Note
-------+----------+-------------------------------------------
     0 | D:1      | sking99 the Gnoll Wizard began the quest for the Orb.
     0 | D:1      | Reached XP level 1. HP: 13/13 MP: 8/8
   297 | D:1      | Reached XP level 2. HP: 17/19 MP: 0/10
   570 | D:1      | Learned a level 2 spell: Blink
   573 | D:1      | Learned a level 2 spell: Call Imp
  1018 | D:2      | Reached XP level 3. HP: 25/25 MP: 7/11
  1510 | D:2      | Reached skill level 1 in Invocations
  1665 | D:2      | Learned a level 3 spell: Conjure Flame
  1669 | D:2      | Learned a level 3 spell: Mephitic Cloud
  1962 | D:3      | Reached skill level 1 in Fighting
  1962 | D:3      | Reached skill level 1 in Short Blades
  1962 | D:3      | Reached skill level 1 in Long Blades
  1962 | D:3      | Reached skill level 1 in Axes
  1962 | D:3      | Reached skill level 1 in Maces & Flails
  1962 | D:3      | Reached skill level 1 in Polearms
  1962 | D:3      | Reached skill level 1 in Staves
  1962 | D:3      | Reached skill level 1 in Slings
  1962 | D:3      | Reached skill level 1 in Bows
  1962 | D:3      | Reached skill level 1 in Crossbows
  1962 | D:3      | Reached skill level 1 in Throwing
  1962 | D:3      | Reached skill level 1 in Armour
  1962 | D:3      | Reached skill level 1 in Shields
  1962 | D:3      | Reached skill level 1 in Unarmed Combat
  1962 | D:3      | Reached skill level 1 in Evocations
  1998 | D:3      | Reached XP level 4. HP: 17/32 MP: 1/13
  2358 | D:3      | Found a blossoming altar of Fedhas.
  2502 | D:3      | Noticed MisterFreud's ghost (amateur HaHu)
  2503 | D:3      | Found a large runed door.
  2503 | D:3      | Found a large runed door.
  2646 | D:3      | Reached skill level 1 in Hexes
  2646 | D:3      | Reached skill level 1 in Charms
  2646 | D:3      | Reached skill level 1 in Necromancy
  2646 | D:3      | Reached skill level 1 in Transmutations
  2646 | D:3      | Reached skill level 1 in Fire Magic
  2646 | D:3      | Reached skill level 1 in Ice Magic
  2646 | D:3      | Reached skill level 1 in Air Magic
  2646 | D:3      | Reached skill level 1 in Earth Magic
  2646 | D:3      | Reached skill level 1 in Poison Magic
  3237 | D:3      | Killed MisterFreud's ghost
  3237 | D:3      | Reached XP level 5. HP: 17/38 MP: 0/14
  3237 | D:3      | Reached XP level 6. HP: 20/44 MP: 0/16
  3772 | D:4      | Noticed a phantom
  3778 | D:4      | Reached skill level 5 in Dodging
  3782 | D:4      | Killed a phantom
  3879 | D:4      | Reached XP level 7. HP: 29/50 MP: 18/18
  4710 | D:4      | Found an iron altar of Okawaru.
  4743 | D:5      | Entered Level 5 of the Dungeon
  4750 | D:5      | Reached skill level 5 in Stealth
  5458 | D:5      | Found an ornate altar of the Wu Jian Council.
  5578 | D:6      | Noticed a hippogriff
  5594 | D:6      | Killed a hippogriff
  5594 | D:6      | Reached XP level 8. HP: 53/58 MP: 9/19
  5753 | D:6      | Found a staircase to the Ecumenical Temple.
  5801 | Temple   | Entered the Ecumenical Temple
  6663 | D:7      | Reached skill level 8 in Spellcasting
  7025 | D:7      | Found a radiant altar of Vehumet.
  7300 | D:7      | Became a worshipper of Vehumet
  7353 | D:8      | Identified the Papyrus of Ashen Augmentations
  7361 | D:8      | Noticed Psyche
  7381 | D:8      | Killed Psyche
  7381 | D:8      | Reached XP level 9. HP: 65/65 MP: 8/21
  8112 | D:8      | Noticed Erica
  8139 | D:8      | Killed from afar by Erica

Vault maps used:
D:1:      sevenhm_arrival_forest_fort_small_6
D:2:      minmay_tiny_reverse_x
D:3:      marbit_many_paths, cheibrodos_sewer_entry_drain,
          ebering_ghost_disaster_area
D:4:      minmay_opposing_rooms, first_ration, kennysheep_okawaru_gauntlet
D:5:      nicolae_overflow_hidden_temple
D:6:      temple_pool_b, kennysheep_nub
D:7:      old_standard_altar
D:8:      ashenzari_altar_1, uniq_erica, uniq_psyche
Temple:   dpeg_five_rooms_temple

Skill      XL: |  1  2  3  4  5  6  7  8  9 |
---------------+----------------------------+-----
Conjurations   | 2 3 4 |  4.1
Summonings     | 2 3 4 |  4.1
Translocations | 2 3 4 |  4.1
Invocations    | 1 2 3 4 |  4.6
Fighting       | 1 2 3 4 |  4.2
Short Blades   | 1 2 3 4 |  4.2
Long Blades    | 1 2 3 4 |  4.2
Axes           | 1 2 3 4 |  4.2
Maces & Flails | 1 2 3 4 |  4.2
Polearms       | 1 2 3 4 |  4.2
Staves         | 1 2 3 4 |  4.2
Slings         | 1 2 3 4 |  4.2
Bows           | 1 2 3 4 |  4.2
Crossbows      | 1 2 3 4 |  4.2
Throwing       | 1 2 3 4 |  4.2
Armour         | 1 2 3 4 |  4.2
Shields        | 1 2 3 4 |  4.2
Unarmed Combat | 1 2 3 4 |  4.2
Evocations     | 1 2 3 4 |  4.2
Hexes          | 1 2 3 |  3.4
Charms         | 1 2 3 |  3.4
Necromancy     | 1 2 3 |  3.4
Transmutations | 1 2 3 |  3.4
Fire Magic     | 1 2 3 |  3.4
Ice Magic      | 1 2 3 |  3.4
Air Magic      | 1 2 3 |  3.4
Earth Magic    | 1 2 3 |  3.4
Poison Magic   | 1 2 3 |  3.4
Dodging        | 5 6 |  6.3
Stealth        | 5 6 |  6.0
Spellcasting   | 8 |  8.4

Action                   |  1- 3 |  4- 6 |  7- 9 || total
-------------------------+-------+-------+-------++-------
Melee: Unarmed           |     5 |       |       ||     5
       Dagger            |       |    65 |       ||    65
       Bite              |       |     6 |     6 ||    12
       Whip              |       |    12 |    42 ||    54
       Short sword       |       |     7 |       ||     7
       Punch             |       |       |     1 ||     1
       Spear             |       |       |    31 ||    31
 Cast: Magic Dart        |    93 |   129 |   317 ||   539
       Mephitic Cloud    |     1 |       |     4 ||     5
       Call Imp          |       |     2 |     7 ||     9
       Conjure Flame     |       |     2 |     3 ||     5
  Use: Scroll            |       |     4 |     5 ||     9
       Potion            |       |       |     2 ||     2
 Stab: Confused          |       |       |     1 ||     1
  Eat: Chunk             |     3 |     3 |    12 ||    18
       Ration            |       |     1 |       ||     1
Armor: Robe              |     1 |    25 |       ||    26
       Leather armour    |       |     1 |    14 ||    15
Dodge: Dodged            |    14 |    72 |   110 ||   196
Block: Buckler           |       |       |    27 ||    27

Table legend:
 A = Non-vault XP
 B = Vault XP
 C = Vault XP percentage of total XP
 D = Non-vault monster count
 E = Vault monster count
 F = Vault count percentage of total count
                 A         B        C        D         E       F
            +---------+---------+-------+---------+---------+-------
      Total |    2800 |     684 |  19.6 |     137 |      17 |  11.0
            +---------+---------+-------+---------+---------+-------
        D:1 |      30 |       0 |   0.0 |      18 |       0 |   0.0
        D:2 |      35 |       6 |  14.6 |      13 |       2 |  13.3
        D:3 |      78 |     174 |  69.0 |      29 |       5 |  14.7
        D:4 |     579 |      99 |  14.6 |      19 |       9 |  32.1
        D:5 |     168 |       0 |   0.0 |      18 |       0 |   0.0
        D:6 |     531 |       0 |   0.0 |      14 |       0 |   0.0
        D:7 |     344 |       0 |   0.0 |      13 |       0 |   0.0
        D:8 |    1035 |     405 |  28.1 |      13 |       1 |   7.1
            +---------+---------+-------+---------+---------+-------
